Map: Abyssal Reef LE

Players

thermy (uThermal) - Winner!

  • Race: Terran Terran
  • Spawn Location: 11:00

Aelith

  • Race: Zerg Zerg
  • Spawn Location: 5:00

Event: WCS Valencia 2017

VOD

Have the link to the VOD?

Description

Time

  • Played on: July 13, 2017, 6:24 a.m.
  • Length: 7:16

All games in this series

Show
View Real Time Build Order
Export as new Build Order

thermy Terran - Winner!

Build Orders:  

Get SALT Encoding   

  12  0:01  SCV  
  13  0:13  SCV  
  14  0:17  Supply Depot  
  14  0:26  SCV  
  15  0:38  SCV  
  16  0:43  Barracks  
  16  0:44  Refinery  
  16  0:50  SCV  
  17  1:01  Barracks  
  17  1:03  SCV  
  18  1:15  SCV  
  19  1:30  Orbital Command, Reaper  
  20  1:36  Barracks  
  20  1:42  Refinery  
  20  1:48  Reaper  
  21  1:55  Supply Depot  
  21  1:58  SCV  
  22  2:04  Reaper  
  23  2:16  SCV  
  23  2:19  Supply Depot  
  23  2:20  Reaper  
  25  2:25  Reaper  
  25  2:28  SCV  
  27  2:36  Reaper  
  28  2:41  SCV  
  29  2:53  Reaper  
  29  2:57  Reaper  
  31  3:01  SCV  
  31  3:03  Supply Depot  
  31  3:04  Supply Depot  
  32  3:09  Reaper  
  33  3:13  SCV  
  34  3:25  Reaper  
  35  3:32  Command Center  
  35  3:36  SCV  
  35  3:37  Reaper  
  36  3:42  Reaper  
  36  3:48  SCV  
  33  3:57  Reaper  
  33  4:00  SCV  
  24  4:12  SCV  
  24  4:20  Reaper  
  25  4:26  SCV  
  25  4:28  Reaper  
  27  4:38  SCV  
  28  4:51  Orbital Command  
  27  4:58  SCV, Reaper  
  29  5:03  Reaper  
  30  5:11  SCV  
  31  5:17  SCV  
  31  5:23  SCV  
  31  5:28  Reaper  
  30  5:29  SCV  
  30  5:34  Reaper  
  30  5:35  SCV  
  33  5:39  Reaper  
  33  5:41  SCV  
  35  5:47  SCV  
  36  5:53  SCV  
  35  5:59  SCV  
  35  6:01  Reaper  
  33  6:05  SCV  
  33  6:06  Reaper  
  33  6:11  SCV, Reaper  
  36  6:17  SCV  
  38  6:19  Supply Depot  
  38  6:23  SCV  
  39  6:29  SCV  
  39  6:31  Refinery  
  40  6:33  Reaper  
  40  6:34  Refinery  
  40  6:35  SCV  
  40  6:38  Reaper  
  43  6:41  SCV  
  43  6:43  Reaper  
  45  6:47  SCV  
  45  6:53  SCV  
  45  6:59  SCV  
Show
View Real Time Build Order
Export as new Build Order

Aelith Zerg 

Build Orders: Pool First 

Get SALT Encoding   

  12  0:01  Drone  
  13  0:13  Overlord  
  13  0:17  Drone  
  14  0:31  Drone x2  
  14  0:34  Extractor  
  15  0:45  Spawning Pool  
  15  0:47  Drone  
  15  0:51  Drone  
  15  0:57  Drone  
  17  1:09  Drone  
  18  1:19  Overlord  
  18  1:34  Queen, Metabolic Boost  
  20  1:40  Zergling x4  
  22  1:55  Hatchery  
  22  1:58  Zergling x2  
  22  2:04  Evolution Chamber  
  22  2:06  Zergling x2  
  22  2:12  Zergling x2  
  23  2:23  Zergling x2  
  24  2:41  Zergling x2  
  24  2:42  Zergling x6  
  28  2:49  Zergling x2  
  29  2:57  Zergling x2  
  29  3:13  Zergling x2  
  29  3:14  Zergling x2  
  26  3:20  Zergling x8  
  26  3:22  Zerg Melee Weapons Level 1  
  29  3:30  Zergling x4  
  30  3:38  Zergling x2  
  30  3:39  Queen  
  30  3:40  Zergling x2  
  34  3:52  Zergling x6  
  33  4:00  Zergling x4  
  34  4:06  Zergling x4  
  33  4:14  Zergling x4  
  34  4:24  Zergling x4  
  36  4:34  Baneling Nest, Overlord  
  27  4:46  Zergling x8  
  28  4:55  Zergling x2  
  28  4:56  Zergling x2  
  28  4:58  Drone  
  31  5:05  Zergling x2  
  32  5:10  Zergling x4  
  34  5:14  Zergling x2  
  30  5:27  Zergling x6  
  30  5:34  Zergling x2  
  30  5:35  Zergling x2  
  31  5:41  Zergling x4  
  33  5:47  Zergling x2  
  34  5:52  Zergling x4  
  35  5:59  Drone x2  
  33  6:04  Drone  
  33  6:07  Zergling x2  
  33  6:08  Zergling x2  
  36  6:12  Zergling x2  
  36  6:15  Zergling x2  
  38  6:19  Drone  
  39  6:26  Baneling x4  
  39  6:27  Baneling x2  
  39  6:30  Zergling x2  
  40  6:41  Zergling x8  
  41  6:54  Zergling x10  
Tags
 
Add a new tag
Caveats
  • Supply blocks, unpowered buildings, or Contaminate may cause inaccurate times.
  • Supply counts are checked every 10 seconds.